 Dungeon Crawl Stone Soup version 0.31-a0-965-g8a8ce12e04 (webtiles) character file.

Game seed: 1196526641240950349

5224 LeprechaunX the Mimic (level 10, -15/71 HPs)
             Began as an Octopode Shapeshifter on Oct 26, 2023.
             Was a Follower of Ru.
             Demolished by a two-headed ogre
             ... wielding a +0 giant spiked club
              (21 damage)
             ... on level 9 of the Dungeon.
             The game lasted 00:15:49 (8555 turns).

LeprechaunX the Mimic (Octopode Shapeshifter)       Turns: 8555, Time: 00:15:50

Health: -15/71     AC:  5    Str: 16    XL:     10   Next: 61%
Magic:  10/10      EV: 18    Int: 13    God:    Ru [*.....]
Gold:   625        SH:  0    Dex: 19    Spells: 9/9 levels left

rFire   + .          .
                       - Unarmed
rCold   x . .        (no shield)
rNeg    . . .        (helmet currently unavailable)
rPois   .            L - amulet of regeneration
rElec   .            i - +5 ring of evasion
rCorr   .            m - +6 ring of dexterity
SInv    .            (no ring)
Will    +....        x - ring of willpower
Stlth   +++          O - +4 ring of protection
HPRegen 1.11/turn    j - ring of fire
MPRegen 0.12/turn    (no ring)
                     (no ring)

%: no passive effects
@: beast-form
A: beast (slay +4), almost no armour, amphibious, 8 rings, camouflage 1,
gelatinous body 1, unskilled 1, (nimble swimmer 1), tentacles
a: Begin Untransformation, Renounce Religion


You were on level 9 of the Dungeon.
You worshipped Ru.
Ru was aware of your devotion.
You were a hulking beast.
You visited 2 branches of the dungeon, and saw 10 of its levels.

You collected 625 gold pieces.

Inventory:

Hand Weapons
 a - a +0 orcbow of draining
 A - a +0 sling
Missiles
 l - 20 boomerangs (quivered)
 o - a throwing net
 D - 5 javelins
 I - 7 curare-tipped darts
Jewellery
 g - a ring of fire
 i - a +5 ring of evasion (left tentacle)
 j - a ring of fire (on tentacle)
 m - a +6 ring of dexterity (right tentacle)
 x - a ring of willpower (on tentacle)
 J - an amulet of magic regeneration
 K - a ring of wizardry
 L - an amulet of regeneration (around mantle)
 O - a +4 ring of protection (on tentacle)
 S - an amulet of the acrobat
Talismans
 b - a beast talisman
 c - a flux talisman
Wands
 t - a wand of iceblast (18)
 N - a wand of polymorph (8)
 R - a wand of digging (4)
Scrolls
 d - 8 scrolls of identify {unknown}
 e - 2 scrolls of poison {unknown}
 f - 4 scrolls of vulnerability {unknown}
 n - a scroll of acquirement {unknown}
 p - 6 scrolls of teleportation {unknown}
 q - a scroll of fear {unknown}
 r - a scroll of silence {unknown}
 s - a scroll of noise {unknown}
 w - a scroll of revelation {unknown}
 y - a scroll of amnesia {unknown}
 B - a scroll of blinking {unknown}
 E - 3 scrolls of enchant weapon {unknown}
 H - a scroll of fog {unknown}
Potions
 h - 2 potions of brilliance {unknown}
 k - a potion of attraction {unknown}
 u - 2 potions of degeneration {unknown}
 v - 2 potions of cancellation {unknown}
 z - a potion of invisibility {unknown}
 C - a potion of enlightenment {unknown}
 F - 3 potions of haste {unknown}
 G - a potion of mutation {unknown}
 M - a potion of heal wounds {unknown}
 P - a potion of berserk rage {unknown}
 Q - a potion of magic {unknown}


   Skills:
 + Level 7.2 Fighting
 - Level 4.5 Ranged Weapons
 - Level 1.7 Dodging
 - Level 5.4 Unarmed Combat
 * Level 9.8 Shapeshifting


You had 9 spell levels left.
You didn't know any spells.
Your spell library contained the following spells:

 Spells                   Type           Power      Damage    Failure   Level
 Freeze                   Ice            0%         1d3       30%         1
 Slow                     Hex            0%         N/A       30%         1
 Lesser Beckoning         Tloc           0%         N/A       43%         2
 Poisonous Vapours        Pois/Air       0%         N/A       43%         2
 Confusing Touch          Hex            0%         N/A       67%         3
 Frozen Ramparts          Ice            0%         1d1       67%         3
 Gell's Gravitas          Tloc           0%         N/A       67%         3
 Hailstorm                Conj/Ice       0%         3d3       67%         3
 Mephitic Cloud           Conj/Pois/Air  0%         N/A       67%         3
 Sigil of Binding         Hex            0%         N/A       67%         3
 Teleport Other           Tloc           0%         N/A       67%         3
 Vampiric Draining        Necr           0%         2d6       67%         3
 Freezing Cloud           Conj/Ice/Air   0%         6-21      100%        5


Dungeon Overview and Level Annotations

Branches:
Dungeon (9/15)             Temple (1/1) D:7
   Lair: D:8-11         Orc: D:9-12

Altars:
Dithmenos
Fedhas
Gozag
Hepliaklqana
Makhleb
Nemelex Xobeh
Okawaru
Qazlal
Ru
Sif Muna
Trog
Uskayaw
Vehumet
Xom
Yredelemnul
Zin
The Shining One


Innate Abilities, Weirdness & Mutations

You are a hulking beast.
Your limbs bulge with bestial killing power. (Slay +4)
You cannot wear most types of armour.
You are amphibious.
You can wear up to eight rings at the same time.
Your skin changes colour to match your surroundings (Stealth+).
Your rubbery body absorbs attacks. (AC +1, EV +1)
You are somewhat unskilled. (-1 Apt)
((You are camouflaged when in or above water. (Stealth+)))
You have tentacles for arms and can constrict up to eight enemies at once.


Message History

Unknown command.
You bludgeon the orc!
You kill the orc!
You constrict the orc priest, but do no damage.
The orc closely misses you. x2; The orc priest closely misses you.
The orc priest looks satisfied for a moment.
You bludgeon the orc priest! You grab the orc priest.
The orc priest is heavily wounded.
You constrict the orc priest. x2; The orc closely misses you.
The orc priest begins to pray, but is stunned by your conviction!
The orc is stunned by your conviction and fails to attack.
The orc priest hits you with a +0 short sword.
Unknown command.
You barely miss the orc priest.
The orc priest is severely wounded.
You constrict the orc priest.
You constrict the orc priest, but do no damage.
The two-headed ogre completely misses you. x2
The orc closely misses you. The orc priest closely misses you.
The orc completely misses you. The orc priest closely misses you.
You bludgeon the orc priest!
You kill the orc priest!
You constrict the orc priest.
You kill the orc priest!
Unknown command.
The orc hits you but does no damage. The orc closely misses you.
The two-headed ogre attacks as it pursues you!
The two-headed ogre barely misses you.
The two-headed ogre hits you with a +0 giant club!
Things that are here:
a +0 club; a +0 heavy hand axe You completely miss the two-headed ogre.
The orc hits you but does no damage. The orc completely misses you.
Unknown command.
You tentacle-slap the two-headed ogre.
The two-headed ogre is lightly wounded.
The two-headed ogre hits you with a +0 giant spiked club!!
* * * LOW HITPOINT WARNING * * *
The two-headed ogre hits you with a +0 giant club!!
You die...

##########
#####........#
.............########..
.O.......#.......).....
.........#.............
+##...##.##............
⌠ ##.##).⌠#............
#...###oO)##............
#.....ho##.............
##..>..##..............
##⌠.⌠#################
####


You could see a two-headed ogre and 2 orcs.

Vanquished Creatures
  Erica (D:8)
  Joseph (D:8)
  Jeremiah (D:6)
  Prince Ribbit (D:8)
  Grinder (D:6)
  Sigmund (D:6)
  A steam dragon (D:9)
  4 orc warriors
  An ice beast (D:6)
  An ogre (D:5)
  A black bear (D:6)
  5 centaurs
  2 phantoms (D:5)
  3 bullfrogs
  A kobold brigand (D:7)
  3 scorpions
  5 wights (D:8)
  9 killer bees
  A howler monkey (D:7)
  A jelly (D:4)
  2 hounds
  10 orc priests
  2 sleepcaps
  3 iguanas
  12 orc wizards
  7 gnolls
  8 adders
  A white imp (D:6)
  2 ufetubi (D:6)
  A worm (D:5)
  5 dart slugs
  30 orcs
  9 endoplasms
  5 giant cockroaches
  12 goblins
  9 hobgoblins
  4 jackals (D:1)
  15 kobolds
  3 quokkas
  6 ball pythons
  5 bats
  7 frilled lizards
  5 rats
207 creatures vanquished.

Notes
Turn   | Place    | Note
-------+----------+-------------------------------------------
     0 | D:1      | LeprechaunX the Octopode Shapeshifter began the quest for
                  | the Orb.
     0 | D:1      | Reached XP level 1. HP: 13/13 MP: 1/1
    60 | D:1      | Reached XP level 2. HP: 8/18 MP: 2/2
   242 | D:1      | Reached XP level 3. HP: 19/23 MP: 3/3
   837 | D:2      | Reached XP level 4. HP: 29/29 MP: 4/4
   890 | D:2      | Reached skill level 4 in Shapeshifting
  1322 | D:2      | Reached XP level 5. HP: 31/34 MP: 5/5
  1378 | D:2      | Reached skill level 1 in Ranged Weapons
  2090 | D:4      | Reached XP level 6. HP: 35/41 MP: 6/6
  2534 | D:4      | Reached skill level 5 in Shapeshifting
  3229 | D:5      | Entered Level 5 of the Dungeon
  3243 | D:5      | Reached XP level 7. HP: 46/46 MP: 7/7
  3282 | D:5      | Found a radiant altar of Vehumet.
  3642 | D:5      | Reached skill level 5 in Unarmed Combat
  3642 | D:5      | Reached skill level 6 in Shapeshifting
  3642 | D:5      | Reached XP level 8. HP: 41/54 MP: 8/8
  3948 | D:6      | Noticed Sigmund
  4037 | D:6      | Killed Sigmund
  4672 | D:6      | Noticed Jeremiah
  4685 | D:6      | Killed Jeremiah
  4686 | D:6      | Reached skill level 7 in Shapeshifting
  4686 | D:6      | Reached XP level 9. HP: 52/60 MP: 9/9
  4822 | D:6      | Reached skill level 5 in Fighting
  5383 | D:6      | Noticed Grinder
  5396 | D:6      | Killed Grinder
  5629 | D:7      | Found a shimmering blue altar of Sif Muna.
  5639 | D:7      | Found a staircase to the Ecumenical Temple.
  5754 | Temple   | Entered the Ecumenical Temple
  5763 | Temple   | Became a worshipper of Ru the Awakened
  5823 | D:7      | Reached skill level 5 in Ranged Weapons
  5977 | D:7      | Found an iron altar of Okawaru.
  6167 | D:7      | Reached skill level 8 in Shapeshifting
  6285 | D:7      | Found a shadowy altar of Dithmenos.
  7196 | D:8      | Noticed Prince Ribbit
  7199 | D:8      | Killed Prince Ribbit
  7200 | D:8      | Reached skill level 9 in Shapeshifting
  7230 | D:8      | Noticed Erica
  7424 | D:8      | Reached XP level 10. HP: 48/69 MP: 10/10
  7456 | D:8      | Gained mutation: You are somewhat unskilled. (-1 Apt) [Ru
                  | sacrifice]
  7456 | D:8      | Reduced skill Dodging to level 1
  7456 | D:8      | Reduced skill Unarmed Combat to level 5
  7456 | D:8      | Reduced skill Shapeshifting to level 8
  7456 | D:8      | Reached * piety under Ru
  7462 | D:8      | Noticed Joseph
  7489 | D:8      | Killed Joseph
  7700 | D:8      | Reached skill level 9 in Shapeshifting
  8200 | D:8      | Killed Erica
  8321 | D:9      | Found a hazy altar of Hepliaklqana.
  8476 | D:9      | Found a blossoming altar of Fedhas.
  8535 | D:9      | Noticed a two-headed ogre
  8555 | D:9      | Demolished by a two-headed ogre

Illustrated notes

Levels and vault maps discovered:
D:1:      tarquinn_simple_flora_water_d, layout_rooms, reono_crystal_passage,
          st_stairs_11, feat_on_display
D:2:      layout_loops_ring
D:3:      layout_rooms
D:4:      layout_basic
D:5:      layout_basic, nicolae_vehumet_altar_sigil
D:6:      black_bear_nest_1, layout_layer_cave, uniq_grinder, uniq_sigmund,
          uniq_jeremiah
D:7:      layout_loops_corners, marbit_many_paths, amcnicky_altar_gilded,
          mainiacjoe_overflow_chevrons, minmay_temple_entry_overgrown
D:8:      layout_rooms, uniq_joseph, uniq_prince_ribbit1, uniq_erica
D:9:      layout_stronghold, mainiacjoe_overflow_catwalk,
          mainiacjoe_overflow_alcove_2, enter_bailey_2, grunt_ministairs_8
Temple:   minmay_freezing_vapour_temple

Skill      XL: |  1  2  3  4  5  6  7  8  9 10 |
---------------+-------------------------------+-----
Fighting       | 2 3 4 6 7 |  7.2
Shapeshifting  | 4 5 6 7 9 9 |  9.8
Ranged Weapons | 1 2 3 4 5 4 |  4.5
Unarmed Combat | 4 5 6 5 |  5.4
Dodging        | 1 |  1.7

Action                     |  1- 3 |  4- 6 |  7- 9 | 10-12 || total
---------------------------+-------+-------+-------+-------++-------
  Melee: Unarmed           |    65 |   142 |   186 |    96 ||   489
         Constrict         |    14 |    40 |    51 |    17 ||   122
         Tentacles         |    13 |    29 |    64 |    27 ||   133
         Punch             |     1 |     5 |    13 |     2 ||    21
   Fire: Shortbow          |       |       |    40 |       ||    40
  Throw: Boomerang         |       |    11 |     4 |       ||    15
 Invoke: Sacrifice Skill   |       |       |       |     1 ||     1
    Use: Potion            |       |     1 |       |       ||     1
   Stab: Sleeping          |     2 |     9 |     9 |       ||    20
 Armour: Skin              |    18 |    62 |    90 |    54 ||   224
  Dodge: Dodged            |    42 |   106 |   144 |   147 ||   439

Table legend: (Time is in decaauts)
 A = Elapsed time spent in this place.
 B = Non-inter-level travel time spent in this place.
 C = Inter-level travel time spent in this place.
 D = Time resting spent in this place.
 E = Time spent auto-exploring this place.
 F = Levels seen in this place.
 G = Mean time per level.
                   A        B        C        D        E       F      G
               +--------+--------+--------+--------+--------+-----+--------+
         Total |   8528 |   8119 |    409 |   1362 |   5073 |  10 |  852.8 |
       Dungeon |   8515 |   8106 |    409 |   1362 |   5073 |   9 |  946.1 |
        Temple |     13 |     13 |      0 |      0 |      0 |   1 |   13.0 |
               +--------+--------+--------+--------+--------+-----+--------+

Top non-repeatable levels by time:
     D:7: 1815 daAuts
     D:6: 1751 daAuts
     D:4: 1120 daAuts
     D:5: 782 daAuts
     D:1: 757 daAuts
     D:2: 736 daAuts
     D:8: 666 daAuts
     D:3: 600 daAuts
     D:9: 284 daAuts
  Temple: 13 daAuts
